 Dungeon Crawl Stone Soup version 0.31-a0-1082-g7d1fb776a8 (webtiles) character file.

Game seed: 13974122367531497812

6902 BritishOli the Fighter (level 10, 0/92 HPs)
             Began as a Demonspawn Fighter on Nov 27, 2023.
             Was a Believer of Makhleb.
             Slain by a freezing wraith (16 damage)
             ... on level 9 of the Dungeon.
             The game lasted 00:09:31 (8071 turns).

BritishOli the Fighter (Demonspawn Fighter)         Turns: 8071, Time: 00:09:32

Health: 0/92       AC: 18    Str: 26    XL:     10   Next: 79%
Magic:  10/10      EV: 10    Int: 14    God:    Makhleb [**....]
Gold:   223        SH: 14    Dex: 10    Spells: 9/9 levels left

rFire   . . .        u - +3 hammer of Action {speed, Str+4}
rCold   + . .        c - +0 buckler
rNeg    . . .        L - +1 ring mail "Saotakh" {rC++}
rPois   +            (no helmet)
rElec   .            t - +2 cloak {rPois}
rCorr   .            (no gloves)
SInv    +            s - +2 pair of boots of the Black Moon {Harm rPois Regen+ Int+5}
Will    .....        F - amulet "Queruev" {Reflect Harm rC- Dex-4 SH+5 SInv}
Stlth   +            C - ring of flight
HPRegen 1.15/turn    (no ring)
MPRegen 0.12/turn

%: harm (+45% outgoing, +30% incoming), reflection
@: fragile, flying
A: claws 2, thin skeletal structure 1, demonic guardian 3, icemail 1, robust 1,
condensation shield
a: Renounce Religion, Minor Destruction


You were on level 9 of the Dungeon.
You worshipped Makhleb.
Makhleb was pleased with you.
You visited 2 branches of the dungeon, and saw 10 of its levels.
You also visited: Sewer.

You collected 613 gold pieces.
You spent 390 gold pieces at shops.

Inventory:

Hand Weapons
 a - a +0 war axe
 u - the +3 hammer of Action (weapon) {speed, Str+4}
   (You found it on level 3 of the Dungeon)

   Str+4:     It affects your strength (+4).
 B - a +0 hand axe of flaming
Armour
 c - a +0 buckler (worn)
 s - the +2 pair of boots of the Black Moon (worn) {Harm rPois Regen+ Int+5}
   (You found it on level 3 of the Dungeon)

   Int+5:     It affects your intelligence (+5).
   rPois:     It protects you from poison Regen+: It increases your rate of
   health regeneration.
   Harm:      It increases damage dealt and taken.
 t - a +2 cloak of poison resistance (worn)
 L - the +1 ring mail "Saotakh" (worn) {rC++}
   (You found it on level 9 of the Dungeon)

   rC++:      It greatly protects you from cold.
Jewellery
 q - a ring of ice
 C - a ring of flight (left claw)
 F - the amulet "Queruev" (around neck) {Reflect Harm rC- Dex-4 SH+5 SInv}
   (You bought it in a shop on level 6 of the Dungeon)

   [amulet of reflection]

   Reflect:   It reflects blocked missile attacks.
   Dex-4:     It affects your dexterity (-4).
   rC-:       It makes you vulnerable to cold.
   SInv:      It lets you see invisible.
   SH+5:      It affects your SH (+5).
   Harm:      It increases damage dealt and taken.
 G - the Hermit's Pendant {Faith Invo=14 Evo=0 MP+5}
   (You found it on level 7 of the Dungeon)

   [amulet of faith]

   Invo=14: It sets your Invocations skill to 14.
   Evo=0: It sets your Evocations skill to 0.
   Faith:     It allows you to gain divine favour quickly.
   MP+5:      It affects your magic capacity (+5).
Wands
 y - a wand of paralysis (10)
Scrolls
 f - 5 scrolls of identify {unknown}
 j - a scroll of torment {unknown}
 k - a scroll of acquirement {unknown}
 l - 2 scrolls of fear {unknown}
 n - a scroll of vulnerability {unknown}
 o - 4 scrolls of teleportation {unknown}
 r - 2 scrolls of poison {unknown}
 v - 2 scrolls of immolation {unknown}
 w - a scroll of blinking
 z - a scroll of fog {unknown}
 D - 2 scrolls of enchant armour {unknown}
 I - a scroll of enchant weapon {unknown}
 J - a scroll of summoning {unknown}
 K - a scroll of brand weapon {unknown}
Potions
 d - a potion of might
 e - a potion of ambrosia {unknown}
 g - 5 potions of curing {unknown}
 h - 5 potions of brilliance {unknown}
 i - 3 potions of enlightenment {unknown}
 m - a potion of lignification {unknown}
 p - 3 potions of heal wounds {unknown}
 x - a potion of haste {unknown}
 A - 3 potions of invisibility {unknown}
 E - 2 potions of cancellation {unknown}
 H - a potion of magic {unknown}


   Skills:
 * Level 9.7 Fighting
 + Level 7.9 Axes
 + Level 8.1 Armour
 - Level 7.3 Shields


You had 9 spell levels left.
You didn't know any spells.
Your spell library contained the following spells:

 Spells                   Type           Power      Damage    Failure   Level
 Blink                    Tloc           0%         N/A       56%         2
 Call Canine Familiar     Summ           0%         N/A       80%         3
 Sigil of Binding         Hex            0%         N/A       80%         3
 Dimensional Bullseye     Hex/Tloc       0%         N/A       99%         4
 Leda's Liquefaction      Hex/Erth       0%         N/A       99%         4
 Manifold Assault         Tloc           0%         N/A       99%         4


Dungeon Overview and Level Annotations

Branches:
Dungeon (9/15)             Temple (1/1) D:5            Lair (0/5) D:8
  Sewer (visited)
    Orc: D:9-12

Altars:
Ashenzari
Cheibriados
Dithmenos
Fedhas
Gozag
Hepliaklqana
Kikubaaqudgha
Makhleb
Nemelex Xobeh
Okawaru
Qazlal
Ru
Sif Muna
Trog
Uskayaw
Vehumet
Wu Jian
Xom
Yredelemnul

Shops:
D:6 *

Annotations:
D:3 2 transporters, CrazyBamboolord's ghost, amateur FoHu


Innate Abilities, Weirdness & Mutations

You have very sharp fingernails.
You have a somewhat thin skeletal structure. (Dex +2, Stealth+)
A powerful demonic guardian rushes to your aid.
A meltable icy envelope protects you from harm. (AC +4)
You are robust. (+10% HP)
A meltable shield of frost defends you. (SH +4)


Message History

The splash of poison hits you but does no damage.
You resist. The naga constricts you.
You hit the naga.
The naga is almost dead.
The arcanist points at you and mumbles some strange words.
Your body becomes as fragile as glass!
You block the orc's attack. The naga hits you. The naga constricts you.
You sock the naga!
You kill the naga!
Makhleb accepts your kill. You block the orc's attack.
You hit the yak.
The yak is almost dead.
You block the yak's attack. You block the orc's attack.
You sock the yak!
You kill the yak!
Makhleb accepts your kill.
You can now harness Makhleb's destructive might.
The arcanist casts a spell at you. The bolt of cold hits you!! You resist.
* * * LOW HITPOINT WARNING * * *
A demonic guardian appears!
The bolt of cold hits the freezing wraith.
The freezing wraith completely resists.
The bolt of cold hits the orc!!!
The orc dies!
The arcanist hits you but does no damage.
Your soul eater barely misses the arcanist.
The arcanist casts a spell.
The arcanist blinks!
You swap places.
The arcanist mumbles some strange words.
The arcanist blinks!
Your icy envelope is restored.
You block the freezing wraith's attack. The freezing wraith closely misses you.
The arcanist casts a spell at you.
The bolt of cold misses your soul eater.
There is an escape hatch in the ceiling here.
The arcanist casts a spell.
The arcanist blinks!
The freezing wraith hits you!
You die...

#.. #..........# ##..
#.# #..........# #.#
#..# #.3ยง.......#
#.#
#####..###..........#
#.#
......))o...........#
###.#
......o##o..........#
#...# ####...
#.u...(.....# #.###
#... ##.W...p.[..#
##.# #...
#..@.......# #..#
#cS. #..#########
#.## .... ##.. #.....
p#... ##.# ...... ..
....... ## ..#.....
...#..... ....#.....
>?.. #(....


You could see a green ugly thing, a freezing wraith, an arcanist (fast, ally
target), 2 orcs and a friendly soul eater (summoned).

Vanquished Creatures
  2 centaur warriors (D:9)
  Pikel (D:4)
  Maggie (D:6)
  A komodo dragon (D:8)
  An unseen horror (D:8)
  Grinder (D:5)
  Sigmund (D:4)
  A shadow (D:9)
  A wyvern (D:8)
  3 yaks (D:9)
  Eustachio (D:5)
  A steam dragon (D:8)
  A naga (shapeshifter) (D:9)
  Edmund (D:6)
  A water moccasin (D:7)
  3 ice beasts
  An orc warrior (D:7)
  3 black bears
  A sky beast (D:8)
  2 ogres
  5 centaurs
  Blork the orc (D:6)
  3 kobold brigands
  A scorpion (D:6)
  3 bullfrogs
  A gnoll sergeant (D:7)
  4 wights (D:9)
  A howler monkey (D:6)
  Crazy Yiuf (D:3)
  An orc priest (D:5)
  A hound (D:4)
  A gnoll bouda (D:4)
  3 iguanas
  Jessica (D:2)
  Ijyb (D:4)
  Natasha (twice) (D:3)
  A sleepcap (D:8)
  2 orc wizards
  Terence (D:2)
  Robin (D:3)
  10 gnolls
  6 adders
  A shadow imp (D:6)
  2 ufetubi (D:5)
  2 worms
  4 dart slugs
  10 orcs
  5 endoplasms
  8 giant cockroaches
  9 goblins
  14 hobgoblins
  4 jackals (D:1)
  5 quokkas
  10 ball pythons
  4 bats
  14 frilled lizards
  16 kobolds
  6 rats
193 creatures vanquished.

Vanquished Creatures (collateral kills)
  2 ufetubi (D:5)
  2 orcs (D:5)
  5 goblins (D:3)
  3 hobgoblins (D:3)
  A kobold (D:4)
13 creatures vanquished.

Vanquished Creatures (others)
  An orc wizard (D:9)
  An orc (D:9)
2 creatures vanquished.

Grand Total: 208 creatures vanquished

Notes
Turn   | Place    | Note
-------+----------+-------------------------------------------
     0 | D:1      | BritishOli the Demonspawn Fighter began the quest for the
                  | Orb.
     0 | D:1      | Reached XP level 1. HP: 18/18 MP: 1/1
    98 | D:1      | Found a faded altar of an unknown god.
   149 | D:1      | Gained mutation: You have a somewhat thin skeletal
                  | structure. (Dex +2, Stealth+) [demonic ancestry]
   149 | D:1      | Reached XP level 2. HP: 24/24 MP: 2/2
   526 | D:1      | Gained mutation: A weak demonic guardian rushes to your
                  | aid. [demonic ancestry]
   526 | D:1      | Reached XP level 3. HP: 22/29 MP: 3/3
   942 | D:2      | Noticed Terence
   950 | D:2      | Identified the +4 robe of Irchah {rN+ Int+2 Dex+4}
   953 | D:2      | Killed Terence
  1029 | D:2      | Gained mutation: A demonic guardian rushes to your aid.
                  | [demonic ancestry]
  1029 | D:2      | Reached XP level 4. HP: 33/35 MP: 4/4
  1380 | D:2      | Noticed Jessica
  1385 | D:2      | Killed Jessica
  1637 | D:3      | Noticed Robin
  1657 | D:3      | Gained mutation: A meltable shield of frost defends you.
                  | (SH +4) [demonic ancestry]
  1657 | D:3      | Reached XP level 5. HP: 37/42 MP: 5/5
  1662 | D:3      | Killed Robin
  1729 | D:3      | Noticed CrazyBamboolord's ghost (amateur FoHu)
  1747 | D:3      | Identified the +12 spear "Beetle's Regret" {vamp, rN+ Int+4
                  | SInv}
  2077 | D:3      | Found a runed translucent door.
  2078 | D:3      | Noticed Crazy Yiuf
  2257 | D:3      | Found a broken altar of Ashenzari.
  2266 | D:3      | Found a transporter.
  2275 | D:3      | Found a transporter.
  2282 | D:3      | Identified the +2 pair of boots of the Black Moon {Harm
                  | rPois Regen+ Int+5}
  2390 | D:3      | Noticed Natasha
  2409 | D:3      | Killed Natasha
  2410 | D:3      | Reached skill level 4 in Fighting
  2514 | D:3      | Noticed Natasha
  2523 | D:3      | Killed Natasha
  2595 | D:3      | Killed Crazy Yiuf
  2605 | D:3      | Identified the +3 hammer of Action {speed, Str+4}
  2735 | D:4      | Gained mutation: You have sharp fingernails. [demonic
                  | ancestry]
  2735 | D:4      | Reached XP level 6. HP: 47/48 MP: 6/6
  2751 | D:4      | Noticed Pikel
  2769 | D:4      | Killed Pikel
  2770 | D:4      | Reached skill level 5 in Fighting
  2770 | D:4      | Gained mutation: A powerful demonic guardian rushes to your
                  | aid. [demonic ancestry]
  2770 | D:4      | Reached XP level 7. HP: 17/56 MP: 7/7
  2779 | D:4      | Found a glowing drain.
  2790 | Sewer    | Entered a sewer
  3656 | D:4      | Reached skill level 5 in Armour
  3656 | D:4      | Reached skill level 5 in Shields
  3656 | D:4      | Gained mutation: You are robust. (+10% HP) [demonic
                  | ancestry]
  3656 | D:4      | Reached XP level 8. HP: 37/69 MP: 8/8
  3806 | D:4      | Noticed Sigmund
  3812 | D:4      | Killed Sigmund
  3962 | D:4      | Noticed Ijyb
  3966 | D:4      | Paralysed by Ijyb for 5 turns
  3979 | D:4      | Killed Ijyb
  4024 | D:5      | Entered Level 5 of the Dungeon
  4024 | D:5      | Noticed Eustachio
  4066 | D:5      | Killed Eustachio
  4067 | D:5      | Reached skill level 5 in Axes
  4087 | D:5      | Noticed Grinder
  4095 | D:5      | Killed Grinder
  4096 | D:5      | Reached skill level 6 in Fighting
  4236 | D:5      | Found a snail-covered altar of Cheibriados.
  4237 | D:5      | Found an ornate altar of the Wu Jian Council.
  4353 | D:5      | Found a staircase to the Ecumenical Temple.
  4621 | Temple   | Entered the Ecumenical Temple
  4628 | Temple   | Became a worshipper of Makhleb the Destroyer
  4665 | D:5      | Found a hazy altar of Hepliaklqana.
  4735 | D:6      | Noticed Maggie
  4759 | D:6      | Killed Maggie
  4760 | D:6      | Gained mutation: You have very sharp fingernails. [demonic
                  | ancestry]
  4760 | D:6      | Reached XP level 9. HP: 19/78 MP: 9/9
  4861 | D:6      | Found Wufec's General Store.
  4964 | D:6      | Noticed Blork the orc
  4976 | D:6      | Killed Blork the orc
  5063 | D:6      | Noticed Edmund
  5072 | D:6      | Killed Edmund
  5201 | D:6      | Reached skill level 7 in Fighting
  5775 | D:7      | Reached * piety under Makhleb
  6061 | D:6      | Bought the amulet "Queruev" {Reflect Harm rC- Dex-4 SH+5
                  | SInv} for 390 gold pieces
  6218 | D:7      | Found the Hermit's Pendant {Faith Invo=14 Evo=0 MP+5}
  6491 | D:8      | Found a stormy altar of Qazlal.
  6620 | D:8      | Noticed an unseen horror
  6645 | D:8      | Killed an unseen horror
  6646 | D:8      | Gained mutation: A meltable icy envelope protects you from
                  | harm. (AC +4) [demonic ancestry]
  6646 | D:8      | Reached XP level 10. HP: 88/88 MP: 10/10
  6784 | D:8      | Reached skill level 8 in Fighting
  7109 | D:8      | Found a staircase to the Lair.
  7762 | D:9      | Identified the +1 ring mail "Saotakh" {rC++}
  8018 | D:9      | Noticed a centaur warrior
  8020 | D:9      | Noticed a centaur warrior
  8020 | D:9      | Noticed a black mamba
  8021 | D:9      | Noticed an arcanist
  8033 | D:9      | Killed a centaur warrior
  8034 | D:9      | Reached skill level 9 in Fighting
  8047 | D:9      | Killed a centaur warrior
  8047 | D:9      | Noticed a green ugly thing
  8064 | D:9      | Reached ** piety under Makhleb
  8071 | D:9      | Slain by a freezing wraith

Illustrated notes

Levels and vault maps discovered:
D:1:      psy_arrival_spokes, layout_basic, ebering_ecumenical_altar_webs,
          minmay_misc_feat_tiny
D:2:      layout_loops_ring, serial_aquarium, aquarium_bridge_straight
          [aquarium_subvault_bridge, aquarium_subvault_window,
          aquarium_subvault_bridge, aquarium_subvault_wall],
          aquarium_window_corner, aquarium_window_fake, aquarium_window_corner,
          aquarium_view_2d, aquarium_view_2c, kennysheep_generic_room_7,
          uniq_terence, uniq_jessica
D:3:      layout_basic, mainiacjoe_overflow_six_doors_small,
          gammafunk_ghost_gnarly_gnolls, uniq_crazy_yiuf_cottage, uniq_robin,
          uniq_natasha
D:4:      layout_loops_ring, portal_sewer_entry_d, minivault_25, uniq_ijyb,
          uniq_pikel, uniq_sigmund
D:5:      layout_basic, minitemple, temple_fountains, dreamdust_wishing_well,
          st_stairs_12, uniq_grinder, uniq_eustachio
D:6:      layout_basic, serial_shops, nicolae_shop_trees, uniq_maggie,
          uniq_edmund, uniq_blork_the_orc
D:7:      layout_loops_ring
D:8:      layout_layer_cave, nicolae_qazlal_scattered_showers,
          david_lair_shrubbed
D:9:      layout_basic, minivault_28
Temple:   sentei_temple_godly_chess

Skill      XL: |  1  2  3  4  5  6  7  8  9 10 |
---------------+-------------------------------+-----
Axes           | 2 3 4 5 6 7 |  7.9
Shields        | 3 4 5 6 7 |  7.3
Armour         | 3 4 5 6 7 8 |  8.1
Fighting       | 4 5 6 7 9 |  9.7

Action                     |  1- 3 |  4- 6 |  7- 9 | 10-12 || total
---------------------------+-------+-------+-------+-------++-------
  Melee: War axe           |    93 |   105 |       |       ||   198
         Mace              |       |    30 |   420 |   186 ||   636
   Stab: Sleeping          |       |     1 |       |       ||     1
 Armour: Scale mail        |    71 |   132 |   287 |    20 ||   510
         Ring mail         |       |       |       |    55 ||    55
  Dodge: Dodged            |    52 |    75 |   156 |    47 ||   330
  Block: Buckler           |    26 |    67 |   215 |   125 ||   433
         Reflection        |       |       |     3 |     2 ||     5

Table legend: (Time is in decaauts)
 A = Elapsed time spent in this place.
 B = Non-inter-level travel time spent in this place.
 C = Inter-level travel time spent in this place.
 D = Time resting spent in this place.
 E = Time spent auto-exploring this place.
 F = Levels seen in this place.
 G = Mean time per level.
                   A        B        C        D        E       F      G
               +--------+--------+--------+--------+--------+-----+--------+
         Total |   8174 |   7702 |    472 |     56 |   5955 |  11 |  743.1 |
       Dungeon |   7468 |   7009 |    459 |     56 |   5587 |   9 |  829.8 |
        Temple |     14 |      1 |     13 |      0 |      0 |   1 |   14.0 |
         Sewer |    690 |    690 |      0 |      0 |    367 |   1 |  690.0 |
               +--------+--------+--------+--------+--------+-----+--------+

Top non-repeatable levels by time:
     D:8: 1180 daAuts
     D:3: 1066 daAuts
     D:2: 948 daAuts
     D:6: 915 daAuts
     D:4: 779 daAuts
     D:7: 777 daAuts
     D:1: 722 daAuts
   Sewer: 690 daAuts
     D:5: 649 daAuts
     D:9: 430 daAuts
  Temple: 14 daAuts
